 Dungeon Crawl Stone Soup version 0.24.1-11-gbbbb2193e6 (webtiles) character file.

Game seed: 8382443018453455387, levelgen mode: deterministic

674 Mrkan the Cudgeler (level 7, 0/38 HPs)
             Began as a Vine Stalker Fighter on May 12, 2020.
             Was a Follower of Elyvilon.
             Slain by a centaur (4 damage)
             ... on level 5 of the Dungeon.
             The game lasted 00:05:56 (3304 turns).

Mrkan the Cudgeler (Vine Stalker Fighter)           Turns: 3304, Time: 00:05:57

Health: 0/38       AC:  7    Str: 20    XL:     7   Next: 59%
Magic:  0/8        EV:  7    Int:  8    God:    Elyvilon [*.....]
Gold:   153        SH: 10    Dex: 14    Spells: 6/6 levels left

rFire    . . .     SeeInvis .   a - +0 flail
rCold    . . .     Gourm    .   c - +0 shield
rNeg     . . .     Faith    .   b - +0 scale mail
rPois    .         Spirit   +   n - +0 helmet
rElec    .         Reflect  .   (no cloak)
rCorr    .         Harm     .   (no gloves)
MR       .....                  (no boots)
Stlth    ..........             (no amulet)
HPRegen  0.52/turn              (no ring)
MPRegen  0.11/turn              (no ring)

@: lethally poisoned (0 -> -1)
A: fangs 2, regeneration 1, magic shield, antimagic bite, no potion heal 3, rot
immunity
a: Lesser Healing, Divine Protection, Renounce Religion


You were on level 5 of the Dungeon.
You worshipped Elyvilon.
Elyvilon was aware of your devotion.
You were hungry.

You visited 2 branches of the dungeon, and saw 6 of its levels.

You collected 153 gold pieces.

Inventory:

Hand Weapons
 a - a +0 flail (weapon)
Armour
 b - a +0 scale mail (worn)
 c - a +0 shield (worn)
 n - a +0 helmet (worn)
Jewellery
 i - an uncursed ring of magical power {unknown}
 u - an uncursed ring of see invisible {unknown}
Scrolls
 e - 4 scrolls of identify {unknown}
 k - 3 scrolls of remove curse {unknown}
 l - a scroll of random uselessness {unknown}
 o - 3 scrolls of teleportation {unknown}
 r - a scroll of noise {unknown}
 t - a scroll of enchant armour {unknown}
Potions
 d - a potion of might
 g - a potion of cancellation {unknown}
 h - 2 potions of brilliance {unknown}
 j - 2 potions of flight {unknown}
 m - 2 potions of curing {unknown}
 p - 2 potions of ambrosia {unknown}
 q - a potion of agility {unknown}
 s - a potion of lignification {unknown}
Comestibles
 f - 9 rations


   Skills:
 + Level 4.4 Fighting
 * Level 5.5 Maces & Flails
 - Level 2.4 Armour
 + Level 4.5 Shields


You had 6 spell levels left.
You didn't know any spells.
Your spell library contained the following spells:

 Spells                   Type           Power        Failure   Level  Hunger
 Magic Dart               Conj           #...         99%         1    ##.....
 Searing Ray              Conj           #.....       100%        2    ###....
 Dazzling Spray           Conj/Hex       #.....       100%        3    ####...
 Force Lance              Conj/Tloc      #.......     100%        4    #####..
 Fulminant Prism          Conj/Hex       #.........   100%        4    #####..
 Iskenderun's Mystic Bla  Conj           #.......     100%        4    #####..


Dungeon Overview and Level Annotations

Branches:
Dungeon (5/15)             Temple (1/1) D:4

Altars:
Ashenzari
Dithmenos
Elyvilon
Hepliaklqana
Kikubaaqudgha
Nemelex Xobeh
Okawaru
Qazlal
Ru
Trog
Uskayaw
Xom
Yredelemnul
The Shining One


Innate Abilities, Weirdness & Mutations

You have extremely sharp teeth.
Your natural rate of healing is unusually fast.
When hurt, damage is shared between your health and your magic reserves.
Your bite disrupts and absorbs the magic of your enemies.
Potions cannot restore your health.
You are immune to rotting.


Message History

You feel invigorated.
The gnoll is lightly wounded.
You block the gnoll's attack.
You hit the gnoll but do no damage. You bite the gnoll, but do no damage.
The gnoll is lightly wounded.
You feel sick. The gnoll hits you with a +0 halberd.
* * * LOW HITPOINT WARNING * * *
You barely miss the gnoll.
The gnoll is lightly wounded.
The gnoll hits you with a +0 halberd.
* * * LOW HITPOINT WARNING * * *
You hit the gnoll but do no damage.
The gnoll is lightly wounded.
You feel sick. The gnoll hits you with a +0 halberd.
* * * LOW HITPOINT WARNING * * *
You thump the gnoll! You bite the gnoll.
You kill the gnoll!
The centaur shoots an arrow.
You block the arrow.
The centaur unwields a +0 shortbow.
The centaur hits you.
You die...

#.[...........#
#(............#
#.............#
#......†.(....#
#........go...#
##########g####
#g#
###########c#
#.........#@#
#.#######.#(#
#.###.# #.#.#
#.....###.#.#
#####...#.#.#
#....##.#.#.#
#.##.#..#.#.#
#.##.#.##.#.#
#.....<...#.#


You could see a centaur, 3 gnolls and an orc.

Vanquished Creatures
  A scorpion (D:4)
  2 hounds (D:4)
  2 bullfrog skeletons
  A gnoll shaman (D:4)
  An orc priest (D:3)
  An orc wizard (D:3)
  6 worker ants
  Robin (D:2)
  6 gnolls
  10 adders
  An adder skeleton (D:4)
  4 dart slugs
  A leopard gecko (D:4)
  8 orcs (D:3)
  A giant cockroach (D:3)
  12 hobgoblins
  14 jackals
  A quokka (D:3)
  8 bats
  7 frilled lizards
  16 goblins
  7 kobolds
  A leopard gecko zombie (D:2)
  6 rats
118 creatures vanquished.

Notes
Turn   | Place    | Note
-------+----------+-------------------------------------------
     0 | D:1      | Mrkan the Vine Stalker Fighter began the quest for the Orb.
     0 | D:1      | Reached XP level 1. HP: 11/11 MP: 2/2
    76 | D:1      | Reached skill level 2 in Maces & Flails
   119 | D:1      | Reached XP level 2. HP: 16/16 MP: 3/3
   271 | D:1      | Reached XP level 3. HP: 16/20 MP: 4/4
   715 | D:2      | Noticed Robin
   723 | D:2      | Killed Robin
   723 | D:2      | Reached skill level 3 in Maces & Flails
   723 | D:2      | Gained mutation: Your natural rate of healing is unusually
                  | fast. [Vine Stalker growth]
   723 | D:2      | Reached XP level 4. HP: 5/24 MP: 3/5
  1221 | D:2      | Reached XP level 5. HP: 28/28 MP: 6/6
  1553 | D:3      | Found a glowing golden altar of the Shining One.
  1722 | D:3      | Reached skill level 4 in Maces & Flails
  1823 | D:3      | Found a faded altar of an unknown god.
  1856 | D:3      | Reached XP level 6. HP: 29/33 MP: 5/7
  2328 | D:4      | Reached XP level 7. HP: 20/37 MP: 4/8
  2446 | D:4      | Reached skill level 5 in Maces & Flails
  2459 | D:4      | Found a staircase to the Ecumenical Temple.
  2474 | Temple   | Entered the Ecumenical Temple
  2697 | Temple   | Became a worshipper of Elyvilon the Healer
  3181 | D:5      | Entered Level 5 of the Dungeon
  3198 | D:5      | Reached * piety under Elyvilon
  3304 | D:5      | Slain by a centaur

Levels and vault maps discovered:
D:1:      ncdulo_halloftheorcs, layout_rooms, kennysheep_boxes
D:2:      layout_basic, uniq_robin
D:3:      layout_basic, lemuel_round_altar, serial_glass, glass_columns_b,
          glass_columns_b, chequers_ecumenical_altar_twisty, first_ration
D:4:      layout_cave_pods, minmay_temple_entry_waves
D:5:      layout_basic, gup_ossuary_entry_pyramid
Temple:   nicolae_temple_figure_eight

Skill      XL: |  1  2  3  4  5  6  7 |
---------------+----------------------+-----
Maces & Flails | 2 3 4 5 |  5.5
Fighting       | 3 4 |  4.4
Shields        | 3 4 |  4.5
Armour         | |  2.4

Action                   |  1- 3 |  4- 6 |  7- 9 || total
-------------------------+-------+-------+-------++-------
Melee: Flail             |   123 |   213 |    77 ||   413
       Bite              |    29 |    64 |    29 ||   122
  Eat: Chunk             |       |     5 |     3 ||     8
Armor: Scale mail        |    46 |   102 |    28 ||   176
Dodge: Dodged            |    51 |    57 |    24 ||   132
Block: Shield            |    93 |   135 |    43 ||   271
